 Dungeon Crawl Stone Soup version 0.26.0-20-g3ca415f5b8 (webtiles) character file.

Game seed: 17592688367135061412

700 thiole the Ducker (level 7, -2/50 HPs)
             Began as an Octopode Fighter on Jan 24, 2021.
             Was an Initiate of Gozag.
             Slain by a sky beast (5 damage)
             ... on level 5 of the Dungeon.
             The game lasted 00:12:18 (5493 turns).

thiole the Ducker (Octopode Fighter)                Turns: 5493, Time: 00:12:18

Health: -2/50      AC:  1    Str: 15    XL:     7   Next: 65%
Magic:  7/7        EV: 13    Int: 13    God:    Gozag
Gold:   328        SH:  9    Dex: 11    Spells: 6/6 levels left

rFire    . . .     SeeInvis .   q - +0 war axe (freeze)
rCold    . . .     Faith    .   b - +0 kite shield
rNeg     . . .     Spirit   .   (helmet restricted)
rPois    .         Reflect  .   (no amulet)
rElec    .         Harm     .   u - ring of resist corrosion
rCorr    +         Rampage  .   (no ring)
Will     .....                  (no ring)
Stlth    ++........             (no ring)
HPRegen  0.16/turn              (no ring)
MPRegen  0.10/turn              (no ring)
                                (no ring)
                                (no ring)

@: no status effects
A: almost no armour, stealthy swim, amphibious, 8 rings, constrict 8, camouflage
1, gelatinous body 1
a: Renounce Religion, Potion Petition, Call Merchant, Bribe Branch


You were on level 5 of the Dungeon.
You worshipped Gozag.
Gozag was aware of your devotion.
You visited 2 branches of the dungeon, and saw 6 of its levels.

You collected 434 gold pieces.
You paid 106 gold pieces to Gozag.

Inventory:

Hand Weapons
 a - a +0 war axe
 q - a +0 war axe of freezing (weapon)
Missiles
 i - 102 stones (quivered)
Armour
 b - a +0 kite shield (worn)
Jewellery
 u - a ring of resist corrosion (left tentacle)
 x - an uncursed amulet of faith {unknown}
Wands
 w - a wand of polymorph (6)
Scrolls
 c - a scroll of brand weapon {unknown}
 e - 3 scrolls of enchant armour {unknown}
 f - 3 scrolls of teleportation {unknown}
 h - 2 scrolls of fear {unknown}
 j - 3 scrolls of immolation {unknown}
 m - 2 scrolls of blinking {unknown}
 o - 3 scrolls of identify
 p - 4 scrolls of remove curse {unknown}
 s - a scroll of fog {unknown}
 v - a scroll of noise {unknown}
Potions
 g - 3 potions of invisibility {unknown}
 k - 2 potions of ambrosia {unknown}
 l - 5 potions of curing
 n - a potion of berserk rage {unknown}
 r - a potion of mutation {unknown}
 t - a potion of attraction {unknown}


   Skills:
 + Level 5.0 Fighting
 + Level 4.4 Axes
 + Level 5.1 Dodging
 + Level 5.0 Shields


You had 6 spell levels left.
You didn't know any spells.
Your spell library contained the following spells:

 Spells                   Type           Power        Failure   Level
 Freeze                   Ice            0%           75%         1
 Magic Dart               Conj           0%           75%         1
 Blink                    Tloc           N/A          86%         2
 Call Imp                 Summ           0%           86%         2
 Slow                     Hex            0%           86%         2
 Conjure Flame            Conj/Fire      0%           98%         3
 Frozen Ramparts          Ice            0%           98%         3
 Mephitic Cloud           Conj/Pois/Air  0%           98%         3
 Ozocubu's Armour         Ice            0%           98%         3
 Hailstorm                Conj/Ice       0%           100%        4
 Summon Ice Beast         Ice/Summ       0%           100%        4


Dungeon Overview and Level Annotations

Branches:
Dungeon (5/15)             Temple (1/1) D:5

Altars:
Ashenzari
Cheibriados
Dithmenos
Elyvilon
Gozag
Hepliaklqana
Makhleb
Nemelex Xobeh
Okawaru
Qazlal
Ru
Trog
Uskayaw
Vehumet
Xom
Zin
The Shining One


Innate Abilities, Weirdness & Mutations

You cannot wear most types of armour.
You are very stealthy in the water. (Stealth+)
You are amphibious.
You can wear up to eight rings at the same time.
You can use your tentacles to constrict eight enemies at once.
Your skin changes colour to match your surroundings (Stealth+).
Your rubbery body absorbs attacks. (AC +1, EV +1)


Message History

You barely miss something. Something hits you. Something shocks you.
Cleave: q) +0 war axe (freeze)
Press: ? - help, Dir - move target You hit something.
You freeze something. Something hits you. Something shocks you.
Cleave: q) +0 war axe (freeze)
Press: ? - help, Dir - move target You miss something.
Something hits you.
* * * LOW HITPOINT WARNING * * *
Something shocks you.
* * * LOW HITPOINT WARNING * * *
Something hits you.
* * * LOW HITPOINT WARNING * * *
Something shocks you.
You die...
Your body crumbles into a pile of gold.

...###..##...#................###
...##..##..###...........###### #
...###..##.# ##...........#
#...#..###..##..#......##..#
......## ........>###.## ...#
.#...... .........###... ....#
.#.................##.##...### .
.....#................## .....#
.##.#..@##....## ####{.# #####
...## ....) ....### ##.. ##


There were no monsters in sight!

Vanquished Creatures
  A sky beast (D:5)
  A howler monkey (D:4)
  A jelly (D:5)
  An orc priest (D:4)
  3 orc wizards
  2 worker ants
  A hound zombie (D:3)
  Robin (D:2)
  10 adders
  11 gnolls
  2 oozes
  2 worms
  5 dart slugs
  6 leopard geckos
  14 orcs
  3 ball pythons
  7 bats
  5 giant cockroaches
  20 goblins
  6 hobgoblins
  4 jackals (D:1)
  2 quokkas (D:3)
  A frilled lizard (D:1)
  7 kobolds
  14 rats
130 creatures vanquished.

Notes
Turn   | Place    | Note
-------+----------+-------------------------------------------
     0 | D:1      | thiole the Octopode Fighter began the quest for the Orb.
     0 | D:1      | Reached XP level 1. HP: 16/16 MP: 1/1
   221 | D:1      | Reached XP level 2. HP: 20/21 MP: 2/2
   666 | D:1      | Reached XP level 3. HP: 15/26 MP: 3/3
  1236 | D:2      | Noticed Robin
  1308 | D:2      | Reached XP level 4. HP: 31/31 MP: 4/4
  1544 | D:2      | Reached XP level 5. HP: 29/37 MP: 5/5
  2670 | D:2      | Killed Robin
  2671 | D:2      | Reached XP level 6. HP: 40/43 MP: 6/6
  2909 | D:3      | Found a glowing silver altar of Zin.
  2910 | D:3      | Found a snail-covered altar of Cheibriados.
  2927 | D:3      | Found a white marble altar of Elyvilon.
  3602 | D:3      | Found a burning altar of Makhleb.
  3602 | D:3      | Noticed a balrug
  3605 | D:3      | Noticed a ynoxinul
  3605 | D:3      | Noticed a neqoxec
  3927 | D:4      | Reached XP level 7. HP: 49/49 MP: 7/7
  4295 | D:5      | Entered Level 5 of the Dungeon
  4528 | D:5      | Found a staircase to the Ecumenical Temple.
  4538 | Temple   | Entered the Ecumenical Temple
  4722 | Temple   | Became a worshipper of Gozag Ym Sagoz the Greedy
  4767 | D:5      | Found a broken altar of Ashenzari.
  5079 | D:5      | Found a bloodstained altar of Trog.
  5189 | D:5      | Reached skill level 5 in Fighting
  5189 | D:5      | Reached skill level 5 in Dodging
  5189 | D:5      | Reached skill level 5 in Shields
  5449 | D:5      | Found a shimmering altar of Xom.
  5493 | D:5      | Slain by a sky beast

Illustrated notes

Levels and vault maps discovered:
D:1:      dpeg_arrival_three_smaller_balls, layout_basic,
          hangedman_abyss_or_decor_lesser_grid, minmay_3d_cube
D:2:      layout_loops_ring, minmay_pentomino_v2, uniq_robin
D:3:      minmay_skewed_foursquare, layout_basic, makhleb_altar_promises_db,
          elyvilon_altar_5, gammafunk_temple_overflow_statue
D:4:      layout_loops_cross
D:5:      layout_cave_pools, ashenzari_conservatory_becter, kennysheep_mini,
          lemuel_round_altar, minmay_temple_entry_mist, minmay_misc_feat_alley
Temple:   jpeg_temple_alley_garden

Skill      XL: |  1  2  3  4  5  6  7 |
---------------+----------------------+-----
Axes           | 3 4 |  4.4
Dodging        | 4 5 |  5.1
Fighting       | 4 5 |  5.0
Shields        | 4 5 |  5.0

Action                   |  1- 3 |  4- 6 |  7- 9 || total
-------------------------+-------+-------+-------++-------
Melee: War axe           |    69 |   138 |    49 ||   256
       Constrict         |    26 |    39 |     6 ||    71
       Tentacles         |     4 |    24 |     4 ||    32
Throw: Stone             |    14 |     4 |     5 ||    23
  Use: Potion            |       |       |     5 ||     5
       Scroll            |       |       |     1 ||     1
 Stab: Sleeping          |     7 |     5 |     3 ||    15
Armor: Skin              |     3 |    11 |     2 ||    16
Dodge: Dodged            |    32 |    77 |    22 ||   131
Block: Kite shield       |    29 |    52 |    22 ||   103
